Unix NetHack Version 3.7.0-73 Work-in-progress - last build Feb 17 2023 02:16:44 (48fe2e8c4a70f1d2d5b622443eb9b5bc1b8d05f7,branch:master). Game began 2023-02-19 15:36:22, ended 2023-05-25 20:22:45. seppokalevi7, lawful female human Valkyrie --- ----------- . .....|...| |.--- ---.|...|.--- |...| |...|.|.|...| .|.|.---.---.|.|--.| | ..|.|..(..|.....| |.|.| |---------- ....-----^------- |.|.| . |.|....)....| ......|.....| |...| |.----|.|%........| ----.|.....| ---.| |*....|.-.%..<....| ... .....|..{..| |.| --.---.|.|*........|------------...|--.|.|*....| |.| ....| |...|.........|...............|...|.|..|..| .V@| -...|------------------.|.---.---...|.----------- ---- ....|.............|...|.|..+|.| |...*.| -.(.|.-----------%|.|.--|.-.|-- ------- .....|.......|.......|...|...| --.-.|.{+..---.---------.|)[.| |...........*... .......| ----------------- --------- Seppokalevi7 the Fighter St:17 Dx:12 Co:15 In:10 Wi:13 Ch:10 Lawful S:9236 Dlvl:11 $:954 HP:0(57) Pw:29(29) AC:-4 Xp:7/1279 T:4077 Hungry Latest messages: The seemingly dead vampire bat suddenly transforms and rises as a vampire! The vampire hits! The vampire bites! You miss the vampire. The vampire hits! The vampire bites! Farvel level 8. You hit the vampire! You miss the vampire. The vampire hits! The vampire bites! You miss the vampire. The vampire misses! The vampire misses! You miss the vampire. The vampire hits! The vampire bites! You hit the vampire! The vampire hits! The vampire misses! You hit the vampire! The vampire hits! The vampire bites! You hit the vampire! The vampire hits! The vampire bites! You miss the vampire. The vampire misses! The vampire misses! You hit the vampire! The vampire just misses! The vampire bites! You miss the vampire. The vampire hits! The vampire misses! You hit the vampire! You miss the vampire. The vampire hits! The vampire bites! You miss the vampire. The vampire hits! The vampire bites! You hit the vampire! The vampire hits! You die... Do you want your possessions identified? [ynq] (y) Do you want to see your attributes? [ynq] (y) Do you want an account of creatures vanquished? [ynaq] (y) Do you want to see your conduct and achievements? [ynq] (y) Do you want to see the dungeon overview? [ynq] (y) Inventory: Coins $ - 954 gold pieces Weapons J - a poisoned +0 dart b - a +0 dagger (alternate weapon; not wielded) H - a blessed +1 elven dagger o - a +0 elven dagger a - a +1 spear (weapon in hand) Armor E - an uncursed rusty +1 dwarvish iron helm (being worn) e - a blessed +2 pair of iron shoes (being worn) c - an uncursed +3 small shield (being worn) w - an uncursed +0 scale mail (being worn) Potions U - an uncursed potion of fruit juice x - an uncursed potion of hallucination d - a cursed potion of hallucination u - a blessed potion of healing O - a blessed potion of levitation K - an uncursed potion of object detection Rings N - a cursed ring of regeneration Wands W - a cursed wand of polymorph (0:0) Tools f - an uncursed sack containing 12 items j - a cursed lock pick l - an uncursed magic whistle C - an uncursed skeleton key G - an uncursed tallow candle I - an uncursed tallow candle v - an uncursed tin opener z - an uncursed partly used wax candle (lit) R - an uncursed wax candle Gems/Stones D - an uncursed worthless piece of black glass p - 2 cursed worthless pieces of black glass h - 2 uncursed worthless pieces of blue glass s - an uncursed worthless piece of green glass y - an uncursed worthless piece of red glass i - an uncursed worthless piece of white glass r - an uncursed worthless piece of yellowish brown glass B - an uncursed luckstone Contents of the sack: 2 cursed food rations a cursed egg an uncursed scroll of blank paper a cursed scroll of earth a cursed scroll of light a cursed potion of fruit juice 2 cursed potions of gain energy a cursed ring of fire resistance a cursed ring of hunger a cursed ring of shock resistance a cursed wand of magic missile (0:3) a cursed wooden harp Seppokalevi7 the Valkyrie's attributes: Background: You were a Fighter, a level 7 human Valkyrie. You were lawful, on a mission for Tyr who was opposed by Odin (neutral) and Loki (chaotic). You were in the Gnomish Mines, on level 11. You entered the dungeon 4077 turns ago. You had 1279 experience points, 1 more was needed to attain level 8. Your score was 9236 before end-of-game adjustments. Basics: You had 0 out of 57 hit points. You had all 29 energy points (spell power). Your armor class was -4. Your wallet contained 954 zorkmids. Autopickup was off. Final Characteristics: Your strength was 17 (limit:18/100). Your dexterity was 12 (limit:18). Your constitution was 15 (limit:18). Your intelligence was 10 (limit:18). Your wisdom was 13 (limit:18). Your charisma was 10 (limit:18). Final Status: You were hungry. You were unencumbered. You were wielding a spear. You had expert skill with spear. Final Attributes: You were piously aligned. You were cold resistant. You were poison resistant. You were stealthy. You were warded. You were fast. You were lucky. You had extra luck. Bad luck did not time out for you. Good luck did not time out for you. You are dead. Miscellaneous: You encountered 2 bones levels. Total elapsed playing time was 1 hour, 59 minutes and 12 seconds. Major events: Turn 1: seppokalevi7 the lawful human Valkyrie entered the dungeon 296: entered the Gnomish Mines 654: attained the rank of Skirmisher (level 3) 1640: destroyed Etharin's ghost, the former Pillager 2095: reached Mine Town 2163: attained the rank of Fighter (level 6) 2285: destroyed WizzyTheWeird's ghost, the former Conjurer 4077: killed by a vampire Vanquished creatures: a vampire 2 ghosts a small mimic 2 ettin mummies a shocking sphere a giant beetle a leprechaun an orc-captain a giant spider a vampire bat a gnome ruler 2 brown puddings a yeti 2 Green-elves a housecat a jaguar a gnome mummy an orc shaman a rock piercer a pony a yellow light 12 gnome leaders 2 gnomish wizards 2 elf zombies a ghoul 2 giant ants a floating eye 6 dwarves a homunculus a kobold shaman a rothe a rabid rat 2 centipedes 5 monkeys a werejackal 7 iguanas 2 killer bees an acid blob 2 hobbits 2 hobgoblins 2 giant rats a red mold 54 gnomes 3 garter snakes 2 geckos 9 jackals a fox a goblin 3 sewer rats 5 grid bugs 4 lichens 2 kobold zombies 164 creatures vanquished. No species were genocided or became extinct. Voluntary challenges: You read items or engraved 9 times. You never engraved Elbereth. You never genocided any monsters. You never polymorphed an object. You used no wishes. Achievements: You entered the Gnomish Mines. You entered a shop. You attained the rank of Skirmisher. You entered Minetown. You attained the rank of Fighter. You entered a temple. The Dungeons of Doom: levels 1 to 3 Level 1: Level 2: A general store. Stairs down to The Gnomish Mines. Level 3: The Gnomish Mines: levels 3 to 11 Level 3: Level 4: A grave. Final resting place for Etharin-Bar-Hum-Mal-Neu, killed by an iguana. Level 5: Many shops, a temple, some fountains, a grave. Final resting place for WizzyTheWeird-Wiz-Hum-Mal-Neu, killed by a gnome, while sleeping. Level 6: Level 7: Level 8: Level 9: Level 10: Level 11: <- You were here. Some fountains. Final resting place for you, killed by a vampire. Game over: ---------- / \ / REST \ / IN \ / PEACE \ / \ | seppokalevi7 | | 954 Au | | killed by a | | vampire | | | | | | 2023 | *| * * * | * _________)/\\_//(\/(/\)/\//\/|_)_______ Farvel seppokalevi7 the Valkyrie... You died in The Gnomish Mines on dungeon level 11 with 9141 points, and 954 pieces of gold, after 4077 moves. You were level 7 with a maximum of 57 hit points when you died.